Red Wings vs Rangers
Created - February 1, 2019 at 19:18
Goals
|
| Red Wings |
2 |
2 |
0 |
0 |
1 |
5 |
| Rangers |
1 |
1 |
2 |
0 |
0 |
4 |
|
Shots
|
| Red Wings |
11 |
14 |
16 |
1 |
3 |
42 |
| Rangers |
10 |
8 |
12 |
1 |
3 |
31 |
|
1st period
1. Rangers , Alex Tanguay 15 (Mark Fistric 19) at 12:00
2. Red Wings , Oleg Saprykin 2 (Nate Thompson 4) at 12:51
3. Red Wings , Alex Picard 8 (Chris Kelly 11, Brent Seabrook 26) at 19:02
Penalties :
Mark Fistric (NYR) for Hooking (Minor) at 3:46, Chris Kelly (Det) for Hooking (Minor) at 8:24
2nd period
4. Rangers , Jakob Silfverberg 24 (Cam Barker 24, Ryan Suter 12) at 7:18
5. Red Wings , Phil Kessel 25 (Tyler Seguin 19, John Gibson) at 10:06 (PP)
6. Red Wings , Jiri Fischer 2 (Tyler Toffoli 13, Sean Bergenheim 16) at 15:34 (PP)
Penalties :
Ryan Suter (NYR) for Holding Stick (Minor) at 3:54, Stephen Weiss (NYR) for Goalie Interference (Minor) at 8:54, Milan Lucic (NYR) for Tripping (Minor) at 14:59
3rd period
7. Rangers , Sean Couturier 9 (James Neal 13, Stephen Weiss 16) at 1:16 (PP)
8. Rangers , Patrice Bergeron 25 (Jakob Silfverberg 33) at 12:29 (PP)
Penalties :
Phil Kessel (Det) for Slashing (Minor) at 0:26, Ole-Kristian Tollefsen (Det) for High sticking (Minor) at 12:25
Overtime #1
No Goal
Penalties :
No Penalty
Shootout
Red Wings, Phil Kessel - Goal!
Rangers, Patrice Bergeron - Stopped by John Gibson
Red Wings, Mike Richards - Stopped by Braden Holtby
Rangers, Milan Lucic - Stopped by John Gibson
Red Wings, Tyler Seguin - Stopped by Braden Holtby
Rangers, Jakob Silfverberg - Stopped by John Gibson
Penalties :
No Penalty
Goalie Stats
John Gibson (Det), 27 saves from 31 shots - (0.871), W, 13-8-0, 65:00 minutes
Braden Holtby (NYR), 38 saves from 42 shots - (0.905), OTL, 6-5-1, 65:00 minutes
Players Stats for Red Wings
Player Name G A P +/- PIM S H SB GA TA FO MP PP MP PK MP
------------------------------------------------------------------------------------
Adam Henrique 0 0 0 -1 0 4 0 1 1 0 0/2 21:51 2:58 0:00
Ales Hemsky 0 0 0 1 0 1 2 1 0 0 0/0 6:35 0:05 0:00
Alex Picard 1 0 1 1 0 3 0 1 0 0 0/0 13:26 0:00 0:29
Brent Seabrook 0 1 1 -2 0 2 0 1 0 1 0/0 24:42 4:00 0:00
Carson Mcmillan 0 0 0 1 0 1 2 0 0 0 0/0 12:02 0:00 0:59
Chris Kelly 0 1 1 1 2 2 2 0 0 0 3/4 13:20 0:00 0:21
Jiri Fischer 1 0 1 -2 0 1 2 3 0 2 0/0 25:01 1:45 1:22
Lubomir Visnovsky 0 0 0 1 0 1 1 2 0 0 0/0 16:22 0:00 1:31
Mike Richards 0 0 0 -1 0 4 2 2 0 0 12/24 22:09 2:47 0:20
Nate Thompson 0 1 1 1 0 3 0 0 1 0 1/3 6:30 0:00 0:00
Oleg Saprykin 1 0 1 1 0 3 0 1 0 0 4/7 8:31 0:00 1:25
Ole-Kristian Tollefsen 0 0 0 1 2 0 1 2 1 0 0/0 22:33 1:45 0:00
Phil Kessel 1 0 1 -1 2 6 0 0 1 0 1/2 20:12 2:58 0:00
Philip Samuelsson 0 0 0 1 0 0 2 1 1 0 0/0 25:17 4:00 1:31
Ryan O'Byrne 0 0 0 1 0 1 1 0 0 0 0/0 16:04 0:00 1:22
Sean Bergenheim 0 1 1 -1 0 2 1 0 2 0 0/3 20:56 2:47 1:25
Tyler Seguin 0 1 1 -1 0 4 1 0 0 0 10/21 22:02 2:53 0:47
Tyler Toffoli 0 1 1 -1 0 4 3 0 1 1 1/1 19:31 2:47 0:00
Players Stats for Rangers
Player Name G A P +/- PIM S H SB GA TA FO MP PP MP PK MP
------------------------------------------------------------------------------------
Alex Tanguay 1 0 1 -1 0 2 4 0 0 1 0/0 15:11 0:07 1:20
Alexei Emelin 0 0 0 0 0 0 1 0 0 0 0/0 3:54 0:07 1:07
Artem Anisimov 0 0 0 0 0 1 2 1 0 0 4/6 10:46 0:07 3:19
Cam Barker 0 1 1 -1 0 3 4 4 0 0 0/0 33:22 2:10 3:25
Chris Bourque 0 0 0 0 0 0 3 0 0 0 0/0 10:22 0:00 3:20
Colten Teubert 0 0 0 0 0 1 3 1 0 4 0/0 17:26 0:00 3:15
Gustav Nyquist 0 0 0 1 0 1 2 0 1 0 0/0 16:24 0:43 0:00
Jakob Silfverberg 1 1 2 1 0 3 3 0 0 0 1/2 18:22 1:47 0:00
James Neal 0 1 1 0 0 2 0 0 0 1 1/1 18:22 0:59 0:00
Magnus Paajarvi-Svensson 0 0 0 0 0 0 1 0 0 0 0/0 7:33 0:00 0:00
Mark Fistric 0 1 1 1 2 1 1 0 0 0 0/0 27:43 0:43 2:22
Matt Greene 0 0 0 1 0 0 2 3 0 0 0/0 20:43 0:00 1:11
Matt Read 0 0 0 -1 0 2 3 2 0 0 0/0 14:27 2:10 0:00
Milan Lucic 0 0 0 0 2 7 2 3 1 1 0/4 22:01 1:47 1:26
Patrice Bergeron 1 0 1 0 0 3 2 0 1 0 21/38 21:54 1:47 1:05
Ryan Suter 0 1 1 -1 2 2 1 1 1 0 0/0 22:27 0:00 0:10
Sean Couturier 1 0 1 1 0 1 0 0 0 0 5/7 18:19 0:59 1:00
Stephen Weiss 0 1 1 -1 2 2 2 0 0 1 3/9 14:54 0:59 0:00
3 Stars
1 - Jakob Silfverberg (NYR)
2 - Oleg Saprykin (Det)
3 - Alex Picard (Det)
Power Play
Red Wings - 2 on 5 Attempt(s) - 40.00%
Rangers - 2 on 2 Attempt(s) - 100.00%
Penalty Kill
Red Wings - 0 on 2 Attempt(s) - 0.00%
- Score 0 goal in Penalty Kill
Rangers - 3 on 5 Attempt(s) - 60.00%
- Score 0 goal in Penalty Kill
Team Stat
Red Wings - Hits : 20 - Faceoff Wins : 32 - Blocked Shots : 15 - Penalty Minutes : 6
Rangers - Hits : 36 - Faceoff Wins : 35 - Blocked Shots : 15 - Penalty Minutes : 8
Official
Referees : Unknown
Linesman : Unknown
Game Notes
Alexei Emelin is injured at 10:53 of 1st period (Torso)
13:41 of 3rd period - Penalty Shot by James Neal for Rangers - Shot Misses the Net
Finance
Level 1 -- Attendance: 4558 (75.97%) -- Ticket Income $433,010
Level 2 -- Attendance: 3488 (69.76%) -- Ticket Income $209,280
Level 3 -- Attendance: 2000 (100.00%) -- Ticket Income $70,000
Level 4 -- Attendance: 3828 (95.70%) -- Ticket Income $95,700
Luxury Box -- Attendance: 804 (80.40%) -- Ticket Income $144,720
Game was played at the Madison Square Garden.
Total Attendance: 14678 (81.54%)
Total Ticket Income: $952,710
Other Income: $142,906
Total Income: $1,095,616
Red Wings
5 vs 5 Forward
Center Left Wing Right Wing Time % Phy DF OF
1 Mike Richards Sean Bergenheim Tyler Toffoli 36 0 2 3
2 Tyler Seguin Adam Henrique Phil Kessel 36 0 2 3
3 Chris Kelly Alex Picard Carson Mcmillan 20 0 3 2
4 Nate Thompson Oleg Saprykin Ales Hemsky 8 1 2 2
5 vs 5 Defense
Defense Defense Time % Phy DF OF
1 Brent Seabrook Jiri Fischer 35 0 3 2
2 Ole-Kristian Tollefsen Philip Samuelsson 35 0 3 2
3 Lubomir Visnovsky Ryan O'Byrne 20 0 3 2
4 Lubomir Visnovsky Ryan O'Byrne 10 0 3 2
PowerPlay Forward
Center Left Wing Right Wing Time % Phy DF OF
1 Tyler Seguin Adam Henrique Phil Kessel 55 0 1 4
2 Mike Richards Sean Bergenheim Tyler Toffoli 45 0 1 4
PowerPlay Defense
Defense Defense Time % Phy DF OF
1 Philip Samuelsson Brent Seabrook 60 0 2 3
2 Ole-Kristian Tollefsen Jiri Fischer 40 0 2 3
Penalty Kill 4 Players Forward
Center Wing Time % Phy DF OF
1 Oleg Saprykin Sean Bergenheim 50 1 2 2
2 Chris Kelly Carson Mcmillan 50 1 2 2
Penalty Kill 4 Players Defense
Defense Defense Time % Phy DF OF
1 Lubomir Visnovsky Philip Samuelsson 50 1 2 2
2 Jiri Fischer Ryan O'Byrne 50 1 2 2
Penalty Kill - 3 Players Forward
Forward Time % Phy DF OF
1 Carson Mcmillan 60 1 2 2
2 Oleg Saprykin 40 1 2 2
Penalty Kill - 3 Players Defense
Defense Defense Time % Phy DF OF
1 Lubomir Visnovsky Ryan O'Byrne 50 1 2 2
2 Jiri Fischer Ole-Kristian Tollefsen 50 1 2 2
4 vs 4 Forward
Center Wing Time % Phy DF OF
1 Mike Richards Adam Henrique 60 1 2 2
2 Tyler Seguin Phil Kessel 40 1 2 2
4 vs 4 Defense
Defense Defense Time % Phy DF OF
1 Brent Seabrook Jiri Fischer 60 1 2 2
2 Ole-Kristian Tollefsen Philip Samuelsson 40 1 2 2
Last Minutes Offensive
Center Left Wing Right Wing Defense Defense
Mike Richards Adam Henrique Phil Kessel Brent Seabrook Philip Samuelsson
Last Minutes Defensive
Center Left Wing Right Wing Defense Defense
Chris Kelly Sean Bergenheim Carson Mcmillan Ryan O'Byrne Lubomir Visnovsky
Goaltenders
Starting : John Gibson
Backup : James Reimer
Extra Forwards
Normal : Adam Henrique, Tyler Seguin, Chris Kelly - PP : Chris Kelly, Ales Hemsky - PK : Chris Kelly
Extra Defensemen
Normal : Brent Seabrook, Philip Samuelsson, Ryan O'Byrne - PP : Jiri Fischer - PK : Brent Seabrook, Ole-Kristian Tollefsen
Penalty Shots
Phil Kessel, Mike Richards, Tyler Seguin, Carson Mcmillan, Alex Picard
Scratches
Ryan Whitney (Healthy), Michael Haley (Healthy)
Rangers
5 vs 5 Forward
Center Left Wing Right Wing Time % Phy DF OF
1 Patrice Bergeron Milan Lucic James Neal 40 1 2 2
2 Sean Couturier Gustav Nyquist Jakob Silfverberg 30 1 2 2
3 Stephen Weiss Alex Tanguay Matt Read 20 1 2 2
4 Artem Anisimov Magnus Paajarvi-Svensson Chris Bourque 10 1 2 2
5 vs 5 Defense
Defense Defense Time % Phy DF OF
1 Cam Barker Ryan Suter 40 1 2 2
2 Mark Fistric Matt Greene 30 1 2 2
3 Alexei Emelin Colten Teubert 20 1 2 2
4 Cam Barker Mark Fistric 10 1 2 2
PowerPlay Forward
Center Left Wing Right Wing Time % Phy DF OF
1 Patrice Bergeron Milan Lucic Jakob Silfverberg 60 1 2 2
2 Sean Couturier Stephen Weiss James Neal 40 1 2 2
PowerPlay Defense
Defense Defense Time % Phy DF OF
1 Cam Barker Matt Read 60 1 2 2
2 Mark Fistric Gustav Nyquist 40 1 2 2
Penalty Kill 4 Players Forward
Center Wing Time % Phy DF OF
1 Artem Anisimov Chris Bourque 60 1 2 2
2 Patrice Bergeron Milan Lucic 40 1 2 2
Penalty Kill 4 Players Defense
Defense Defense Time % Phy DF OF
1 Cam Barker Mark Fistric 60 1 2 2
2 Alexei Emelin Colten Teubert 40 1 2 2
Penalty Kill - 3 Players Forward
Forward Time % Phy DF OF
1 Patrice Bergeron 60 1 2 2
2 Milan Lucic 40 1 2 2
Penalty Kill - 3 Players Defense
Defense Defense Time % Phy DF OF
1 Cam Barker Mark Fistric 60 1 2 2
2 Alexei Emelin Colten Teubert 40 1 2 2
4 vs 4 Forward
Center Wing Time % Phy DF OF
1 Stephen Weiss Alex Tanguay 60 1 2 2
2 Artem Anisimov Magnus Paajarvi-Svensson 40 1 2 2
4 vs 4 Defense
Defense Defense Time % Phy DF OF
1 Cam Barker Mark Fistric 60 1 2 2
2 Alexei Emelin Ryan Suter 40 1 2 2
Last Minutes Offensive
Center Left Wing Right Wing Defense Defense
Patrice Bergeron Milan Lucic James Neal Cam Barker Jakob Silfverberg
Last Minutes Defensive
Center Left Wing Right Wing Defense Defense
Patrice Bergeron Milan Lucic Matt Read Cam Barker Mark Fistric
Goaltenders
Starting : Braden Holtby
Backup : Frederik Andersen
Extra Forwards
Normal : Patrice Bergeron, Milan Lucic, Jakob Silfverberg - PP : Patrice Bergeron, Milan Lucic - PK : Milan Lucic
Extra Defensemen
Normal : Cam Barker, Mark Fistric, Alexei Emelin - PP : Cam Barker - PK : Mark Fistric, Cam Barker
Penalty Shots
Patrice Bergeron, Milan Lucic, Jakob Silfverberg, James Neal, Stephen Weiss
Scratches
None
% Time on Ice - Red Wings
Lines # - Real PCT - Wanted PCT - Time Play
Normal Forward
1 - 33% - 36% - 16:51
2 - 33% - 36% - 16:58
3 - 22% - 20% - 11:03
4 - 13% - 8% - 6:30
Normal Defense
1 - 36% - 35% - 18:30
2 - 37% - 35% - 19:13
3 - 19% - 20% - 9:57
4 - 7% - 10% - 3:42
PP Forward
1 - 52% - 55% - 2:58
2 - 48% - 45% - 2:47
PP Defense
1 - 70% - 60% - 4:00
2 - 30% - 40% - 1:45
PK Forward
1 - 49% - 50% - 1:25
2 - 51% - 50% - 1:28
PK Defense
1 - 53% - 50% - 1:31
2 - 47% - 50% - 1:22
PK3 Forward
1 - 0% - 60%
2 - 0% - 40%
PK3 Defense
1 - 0% - 50%
2 - 0% - 50%
44 Forward
1 - 90% - 60% - 4:30
2 - 10% - 40% - 0:30
44 Defense
1 - 68% - 60% - 3:24
2 - 32% - 40% - 1:36
Last Minute Offensive - 0:00
Last Minute Defensive - 0:00
Total
Forward - 65:00
Defense - 65:00
|
% Time on Ice - Rangers
Lines # - Real PCT - Wanted PCT - Time Play
Normal Forward
1 - 35% - 40% - 17:44
2 - 31% - 30% - 15:41
3 - 23% - 20% - 11:56
4 - 12% - 10% - 6:01
Normal Defense
1 - 37% - 40% - 18:59
2 - 30% - 30% - 15:39
3 - 30% - 20% - 15:13
4 - 3% - 10% - 1:31
PP Forward
1 - 66% - 60% - 1:54
2 - 34% - 40% - 0:59
PP Defense
1 - 75% - 60% - 2:10
2 - 25% - 40% - 0:43
PK Forward
1 - 77% - 60% - 4:24
2 - 23% - 40% - 1:21
PK Defense
1 - 46% - 60% - 2:39
2 - 54% - 40% - 3:06
PK3 Forward
1 - 0% - 60%
2 - 0% - 40%
PK3 Defense
1 - 0% - 60%
2 - 0% - 40%
44 Forward
1 - 78% - 60% - 3:55
2 - 22% - 40% - 1:05
44 Defense
1 - 30% - 60% - 1:29
2 - 70% - 40% - 3:31
Last Minute Offensive - 0:00
Last Minute Defensive - 0:00
Total
Forward - 65:00
Defense - 65:00
|
Play-by-Play
1st period
0:01 of 1st period - Patrice Bergeron wins face-off versus Mike Richards in neutral zone.
0:53 of 1st period - Wrist shot by Matt Read.
0:53 of 1st period - Shot Misses the Net.
0:55 of 1st period - Backhand shot by Mark Fistric.
0:55 of 1st period - Deflect By Matt Read.
0:55 of 1st period - Shot Misses the Net.
0:55 of 1st period - Puck is out of play.
0:56 of 1st period - Artem Anisimov wins face-off versus Nate Thompson in Red Wings zone.
1:21 of 1st period - Colten Teubert is hit by Mike Richards and loses puck.
1:30 of 1st period - Backhand shot by Sean Bergenheim.
1:30 of 1st period - Shot Blocked by Milan Lucic.
2:13 of 1st period - Wrist shot by Chris Kelly.
2:13 of 1st period - Shot Hit the Post.
2:15 of 1st period - Slapshot by Alex Picard.
2:15 of 1st period - Stopped by Braden Holtby without a rebound.
2:16 of 1st period - Patrice Bergeron wins face-off versus Chris Kelly in Rangers zone.
2:49 of 1st period - Snap shot by Chris Kelly.
2:49 of 1st period - Shot Misses the Net.
3:17 of 1st period - Snap shot by Alex Picard.
3:17 of 1st period - Shot Misses the Net.
3:25 of 1st period - Wrist shot by Chris Kelly.
3:25 of 1st period - Shot Blocked by Matt Greene.
3:27 of 1st period - Wrist shot by Carson Mcmillan.
3:27 of 1st period - Deflect By Chris Kelly.
3:27 of 1st period - Stopped by Braden Holtby with a rebound.
3:29 of 1st period - Slapshot by Lubomir Visnovsky.
3:29 of 1st period - Shot Blocked by Matt Greene.
3:46 of 1st period - Minor Penalty to Mark Fistric for Hooking.
3:47 of 1st period - Artem Anisimov wins face-off versus Tyler Seguin in Rangers zone.
4:13 of 1st period - Alexei Emelin is hit by Sean Bergenheim.
4:23 of 1st period - Backhand shot by Sean Bergenheim.
4:23 of 1st period - Stopped by Braden Holtby with a rebound.
4:46 of 1st period - Jiri Fischer is hit by Matt Greene and loses puck.
5:46 of 1st period - Penalty to Mark Fistric is over, Mark Fistric is back on ice.
7:02 of 1st period - Sean Bergenheim is hit by Mark Fistric.
7:28 of 1st period - Philip Samuelsson is hit by Alexei Emelin and loses puck.
7:39 of 1st period - Snap shot by Milan Lucic.
7:39 of 1st period - Shot Blocked by Ole-Kristian Tollefsen.
7:51 of 1st period - Carson Mcmillan is hit by Milan Lucic and loses puck.
8:24 of 1st period - Minor Penalty to Chris Kelly for Hooking.
8:25 of 1st period - Oleg Saprykin wins face-off versus Patrice Bergeron in Red Wings zone.
8:31 of 1st period - Snap shot by Oleg Saprykin.
8:31 of 1st period - Stopped by Braden Holtby without a rebound.
8:32 of 1st period - Patrice Bergeron wins face-off versus Oleg Saprykin in Rangers zone.
8:36 of 1st period - Off-side.
8:37 of 1st period - Patrice Bergeron wins face-off versus Oleg Saprykin in neutral zone.
8:46 of 1st period - Ryan O'Byrne is hit by Matt Read and loses puck.
10:20 of 1st period - Jiri Fischer is hit by Artem Anisimov and loses puck.
10:24 of 1st period - Penalty to Chris Kelly is over, Chris Kelly is back on ice.
10:27 of 1st period - Backhand shot by Chris Kelly.
10:27 of 1st period - Shot Blocked by Matt Read.
10:44 of 1st period - Chris Bourque is hit by Ales Hemsky.
10:52 of 1st period - Alexei Emelin is hit by Ole-Kristian Tollefsen and loses puck.
10:53 of 1st period - Alexei Emelin from Rangers is injured at 10:53 of 1st period (Torso).
10:54 of 1st period - Sean Couturier wins face-off versus Sean Bergenheim in Rangers zone.
11:03 of 1st period - Snap shot by Sean Couturier.
11:03 of 1st period - Shot Blocked by Jiri Fischer.
11:19 of 1st period - Adam Henrique is hit by Cam Barker and loses puck.
11:42 of 1st period - Wrist shot by Matt Read.
11:42 of 1st period - Shot Misses the Net.
11:44 of 1st period - Snap shot by Alex Tanguay.
11:44 of 1st period - Shot Blocked by Lubomir Visnovsky.
11:46 of 1st period - Slapshot by Ryan Suter.
11:46 of 1st period - Stopped by John Gibson without a rebound.
11:47 of 1st period - Stephen Weiss wins face-off versus Mike Richards in Red Wings zone.
11:50 of 1st period - Snap shot by Matt Read.
11:50 of 1st period - Shot Misses the Net.
11:58 of 1st period - Slapshot by Mark Fistric.
11:58 of 1st period - Shot Blocked by Jiri Fischer.
12:00 of 1st period - Slapshot by Mark Fistric.
12:00 of 1st period - Deflect By Alex Tanguay.
12:00 of 1st period - Goal by Alex Tanguay - Red Wings : 0 - Rangers : 1.
12:01 of 1st period - Sean Couturier wins face-off versus Mike Richards in neutral zone.
12:26 of 1st period - Adam Henrique is hit by Cam Barker and loses puck.
12:49 of 1st period - Slapshot by Brent Seabrook.
12:49 of 1st period - Deflect By Oleg Saprykin.
12:49 of 1st period - Stopped by Braden Holtby without a rebound.
12:50 of 1st period - Nate Thompson wins face-off versus Stephen Weiss in Rangers zone.
12:51 of 1st period - Snap shot by Oleg Saprykin.
12:51 of 1st period - Goal by Oleg Saprykin - Red Wings : 1 - Rangers : 1.
12:52 of 1st period - Mike Richards wins face-off versus Sean Couturier in neutral zone.
12:59 of 1st period - Slapshot by Ole-Kristian Tollefsen.
12:59 of 1st period - Shot Blocked by Cam Barker.
13:46 of 1st period - Wrist shot by Matt Read.
13:46 of 1st period - Stopped by John Gibson with a rebound.
13:48 of 1st period - Snap shot by Matt Read.
13:48 of 1st period - Shot Blocked by Oleg Saprykin.
13:50 of 1st period - Snap shot by Stephen Weiss.
13:50 of 1st period - Deflect By Alex Tanguay.
13:50 of 1st period - Stopped by John Gibson with a rebound.
14:05 of 1st period - Snap shot by Artem Anisimov.
14:05 of 1st period - Shot Blocked by Brent Seabrook.
14:11 of 1st period - Brent Seabrook is hit by Chris Bourque and loses puck.
14:38 of 1st period - Sean Couturier is hit by Tyler Toffoli and loses puck.
14:55 of 1st period - Wrist shot by Mike Richards.
14:55 of 1st period - Stopped by Braden Holtby without a rebound.
14:56 of 1st period - Tyler Seguin wins face-off versus Patrice Bergeron in Rangers zone.
15:30 of 1st period - Snap shot by Matt Read.
15:30 of 1st period - Shot Misses the Net.
15:32 of 1st period - Snap shot by Alex Tanguay.
15:32 of 1st period - Deflect By Chris Kelly.
15:32 of 1st period - Shot Misses the Net.
15:32 of 1st period - Puck is out of play.
15:33 of 1st period - Jakob Silfverberg wins face-off versus Tyler Seguin in Red Wings zone.
15:42 of 1st period - Wrist shot by Sean Couturier.
15:42 of 1st period - Shot Misses the Net.
15:44 of 1st period - Slapshot by Colten Teubert.
15:44 of 1st period - Stopped by John Gibson with a rebound.
15:46 of 1st period - Slapshot by Cam Barker.
15:46 of 1st period - Stopped by John Gibson with a rebound.
15:48 of 1st period - Wrist shot by Jakob Silfverberg.
15:48 of 1st period - Deflect By Gustav Nyquist.
15:48 of 1st period - Shot Blocked by Ole-Kristian Tollefsen.
15:48 of 1st period - Puck is out of play.
15:49 of 1st period - Mike Richards wins face-off versus Patrice Bergeron in Red Wings zone.
16:14 of 1st period - Snap shot by Phil Kessel.
16:14 of 1st period - Stopped by Braden Holtby with a rebound.
16:24 of 1st period - Snap shot by Gustav Nyquist.
16:24 of 1st period - Stopped by John Gibson without a rebound.
16:25 of 1st period - Patrice Bergeron wins face-off versus Mike Richards in Red Wings zone.
16:28 of 1st period - Snap shot by Patrice Bergeron.
16:28 of 1st period - Stopped by John Gibson without a rebound.
16:29 of 1st period - Mike Richards wins face-off versus Patrice Bergeron in Red Wings zone.
16:56 of 1st period - Slapshot by Brent Seabrook.
16:56 of 1st period - Stopped by Braden Holtby with a rebound.
17:20 of 1st period - Cam Barker is hit by Ales Hemsky.
18:02 of 1st period - Wrist shot by Mike Richards.
18:02 of 1st period - Stopped by Braden Holtby with a rebound.
18:04 of 1st period - Snap shot by Sean Bergenheim.
18:04 of 1st period - Shot Misses the Net.
18:06 of 1st period - Backhand shot by Tyler Toffoli.
18:06 of 1st period - Shot Misses the Net.
18:24 of 1st period - Wrist shot by Jakob Silfverberg.
18:24 of 1st period - Shot Misses the Net.
18:26 of 1st period - Wrist shot by Sean Couturier.
18:26 of 1st period - Shot Blocked by Lubomir Visnovsky.
18:55 of 1st period - Ryan Suter is hit by Carson Mcmillan and loses puck.
19:02 of 1st period - Wrist shot by Alex Picard.
19:02 of 1st period - Goal by Alex Picard - Red Wings : 2 - Rangers : 1.
19:03 of 1st period - Patrice Bergeron wins face-off versus Mike Richards in neutral zone.
19:08 of 1st period - Slapshot by James Neal.
19:08 of 1st period - Shot Misses the Net.
19:10 of 1st period - Slapshot by James Neal.
19:10 of 1st period - Deflect By Milan Lucic.
19:10 of 1st period - Stopped by John Gibson without a rebound.
19:11 of 1st period - Mike Richards wins face-off versus Patrice Bergeron in Red Wings zone.
19:24 of 1st period - Snap shot by James Neal.
19:24 of 1st period - Stopped by John Gibson without a rebound.
19:25 of 1st period - Patrice Bergeron wins face-off versus Tyler Seguin in Red Wings zone.
19:50 of 1st period - Tyler Toffoli is hit by Ryan Suter and loses puck.
Goals for this period are 2 for Red Wings vs 1 for Rangers.
Shots for this period are 11 for Red Wings vs 10 for Rangers.
2nd period
0:01 of 2nd period - Tyler Seguin wins face-off versus Patrice Bergeron in neutral zone.
0:32 of 2nd period - Wrist shot by Sean Bergenheim.
0:32 of 2nd period - Shot Misses the Net.
0:34 of 2nd period - Slapshot by Jiri Fischer.
0:34 of 2nd period - Shot Misses the Net.
0:36 of 2nd period - Slapshot by Sean Bergenheim.
0:36 of 2nd period - Shot Blocked by Cam Barker.
0:50 of 2nd period - Carson Mcmillan is hit by Colten Teubert.
0:56 of 2nd period - Wrist shot by Carson Mcmillan.
0:56 of 2nd period - Shot Blocked by Matt Read.
1:28 of 2nd period - Snap shot by Milan Lucic.
1:28 of 2nd period - Stopped by John Gibson with a rebound.
1:30 of 2nd period - Slapshot by James Neal.
1:30 of 2nd period - Stopped by John Gibson with a rebound.
1:32 of 2nd period - Slapshot by Matt Greene.
1:32 of 2nd period - Deflect By James Neal.
1:32 of 2nd period - Shot Misses the Net.
1:32 of 2nd period - Puck is out of play.
1:33 of 2nd period - Patrice Bergeron wins face-off versus Mike Richards in Red Wings zone.
1:58 of 2nd period - Jakob Silfverberg is hit by Philip Samuelsson and loses puck.
2:05 of 2nd period - Philip Samuelsson is hit by Gustav Nyquist and loses puck.
2:23 of 2nd period - Off-side.
2:24 of 2nd period - Tyler Seguin wins face-off versus Stephen Weiss in neutral zone.
3:00 of 2nd period - Wrist shot by Stephen Weiss.
3:00 of 2nd period - Stopped by John Gibson without a rebound.
3:01 of 2nd period - Tyler Toffoli wins face-off versus Milan Lucic in Red Wings zone.
3:10 of 2nd period - Wrist shot by Sean Bergenheim.
3:10 of 2nd period - Shot Misses the Net.
3:12 of 2nd period - Snap shot by Mike Richards.
3:12 of 2nd period - Stopped by Braden Holtby with a rebound.
3:28 of 2nd period - Chris Kelly is hit by Chris Bourque and loses puck.
3:54 of 2nd period - Minor Penalty to Ryan Suter for Holding Stick.
3:55 of 2nd period - Artem Anisimov wins face-off versus Tyler Seguin in Rangers zone.
5:54 of 2nd period - Penalty to Ryan Suter is over, Ryan Suter is back on ice.
6:26 of 2nd period - Snap shot by Ales Hemsky.
6:26 of 2nd period - Deflect By Nate Thompson.
6:26 of 2nd period - Stopped by Braden Holtby without a rebound.
6:27 of 2nd period - Patrice Bergeron wins face-off versus Nate Thompson in Rangers zone.
6:40 of 2nd period - Snap shot by Ales Hemsky.
6:40 of 2nd period - Stopped by Braden Holtby with a rebound.
7:02 of 2nd period - Slapshot by Nate Thompson.
7:02 of 2nd period - Stopped by Braden Holtby without a rebound.
7:03 of 2nd period - Sean Couturier wins face-off versus Adam Henrique in Rangers zone.
7:18 of 2nd period - Slapshot by Jakob Silfverberg.
7:18 of 2nd period - Goal by Jakob Silfverberg - Red Wings : 2 - Rangers : 2.
7:19 of 2nd period - Patrice Bergeron wins face-off versus Tyler Seguin in neutral zone.
7:29 of 2nd period - Wrist shot by James Neal.
7:29 of 2nd period - Deflect By Milan Lucic.
7:29 of 2nd period - Stopped by John Gibson without a rebound.
7:30 of 2nd period - Tyler Seguin wins face-off versus Patrice Bergeron in Red Wings zone.
7:47 of 2nd period - Snap shot by Phil Kessel.
7:47 of 2nd period - Shot Misses the Net.
8:33 of 2nd period - Alex Tanguay is hit by Ryan O'Byrne.
8:54 of 2nd period - Minor Penalty to Stephen Weiss for Goalie Interference.
8:55 of 2nd period - Artem Anisimov wins face-off versus Phil Kessel in Rangers zone.
9:39 of 2nd period - Philip Samuelsson is hit by Chris Bourque and loses puck.
9:54 of 2nd period - Slapshot by Philip Samuelsson.
9:54 of 2nd period - Deflect By Sean Bergenheim.
9:54 of 2nd period - Shot Blocked by Milan Lucic.
9:54 of 2nd period - Puck is out of play.
9:55 of 2nd period - Patrice Bergeron wins face-off versus Tyler Seguin in Rangers zone.
10:06 of 2nd period - Snap shot by Phil Kessel.
10:06 of 2nd period - Goal by Phil Kessel - Red Wings : 3 - Rangers : 2.
10:07 of 2nd period - Phil Kessel wins face-off versus Milan Lucic in neutral zone.
10:16 of 2nd period - Snap shot by Adam Henrique.
10:16 of 2nd period - Stopped by Braden Holtby without a rebound.
10:17 of 2nd period - Tyler Seguin wins face-off versus Patrice Bergeron in Rangers zone.
10:22 of 2nd period - Wrist shot by Adam Henrique.
10:22 of 2nd period - Deflect By Tyler Seguin.
10:22 of 2nd period - Stopped by Braden Holtby without a rebound.
10:23 of 2nd period - Patrice Bergeron wins face-off versus Mike Richards in Rangers zone.
11:26 of 2nd period - Ryan O'Byrne is hit by Stephen Weiss.
12:39 of 2nd period - Cam Barker is hit by Carson Mcmillan and loses puck.
12:48 of 2nd period - Snap shot by Alex Picard.
12:48 of 2nd period - Deflect By Carson Mcmillan.
12:48 of 2nd period - Shot Blocked by Cam Barker.
12:48 of 2nd period - Puck is out of play.
12:49 of 2nd period - Stephen Weiss wins face-off versus Mike Richards in Rangers zone.
13:04 of 2nd period - Snap shot by Stephen Weiss.
13:04 of 2nd period - Shot Blocked by Mike Richards.
13:37 of 2nd period - Snap shot by Jakob Silfverberg.
13:37 of 2nd period - Shot Misses the Net.
13:39 of 2nd period - Snap shot by Artem Anisimov.
13:39 of 2nd period - Stopped by John Gibson with a rebound.
13:41 of 2nd period - Slapshot by Colten Teubert.
13:41 of 2nd period - Shot Blocked by Jiri Fischer.
13:59 of 2nd period - Brent Seabrook is hit by Patrice Bergeron and loses puck.
14:20 of 2nd period - Brent Seabrook is hit by Alex Tanguay.
14:46 of 2nd period - Wrist shot by Tyler Seguin.
14:46 of 2nd period - Shot Misses the Net.
14:48 of 2nd period - Snap shot by Phil Kessel.
14:48 of 2nd period - Stopped by Braden Holtby with a rebound.
14:50 of 2nd period - Wrist shot by Tyler Seguin.
14:50 of 2nd period - Stopped by Braden Holtby with a rebound.
14:52 of 2nd period - Snap shot by Phil Kessel.
14:52 of 2nd period - Shot Misses the Net.
14:54 of 2nd period - Wrist shot by Lubomir Visnovsky.
14:54 of 2nd period - Deflect By Phil Kessel.
14:54 of 2nd period - Stopped by Braden Holtby without a rebound.
14:55 of 2nd period - Mike Richards wins face-off versus Patrice Bergeron in Rangers zone.
14:59 of 2nd period - Minor Penalty to Milan Lucic for Tripping.
15:00 of 2nd period - Tyler Seguin wins face-off versus Artem Anisimov in Rangers zone.
15:27 of 2nd period - Artem Anisimov is hit by Philip Samuelsson and loses puck.
15:32 of 2nd period - Snap shot by Tyler Toffoli.
15:32 of 2nd period - Stopped by Braden Holtby with a rebound.
15:34 of 2nd period - Slapshot by Jiri Fischer.
15:34 of 2nd period - Deflect By Cam Barker.
15:34 of 2nd period - Goal by Jiri Fischer - Red Wings : 4 - Rangers : 2.
15:35 of 2nd period - Mike Richards wins face-off versus Patrice Bergeron in neutral zone.
16:15 of 2nd period - Icing by Ryan Suter.
16:16 of 2nd period - Sean Couturier wins face-off versus Tyler Seguin in Rangers zone.
16:49 of 2nd period - Slapshot by Ryan Suter.
16:49 of 2nd period - Shot Blocked by Mike Richards.
16:51 of 2nd period - Wrist shot by Milan Lucic.
16:51 of 2nd period - Stopped by John Gibson without a rebound.
16:52 of 2nd period - James Neal wins face-off versus Tyler Seguin in Red Wings zone.
17:03 of 2nd period - Matt Greene is hit by Jiri Fischer and loses puck.
17:39 of 2nd period - Slapshot by Alex Picard.
17:39 of 2nd period - Shot Misses the Net.
17:41 of 2nd period - Wrist shot by Alex Picard.
17:41 of 2nd period - Stopped by Braden Holtby without a rebound.
17:42 of 2nd period - Chris Kelly wins face-off versus Stephen Weiss in Rangers zone.
17:53 of 2nd period - Slapshot by Stephen Weiss.
17:53 of 2nd period - Stopped by John Gibson without a rebound.
17:54 of 2nd period - Patrice Bergeron wins face-off versus Tyler Seguin in Red Wings zone.
18:42 of 2nd period - Snap shot by Phil Kessel.
18:42 of 2nd period - Shot Blocked by Matt Greene.
18:44 of 2nd period - Wrist shot by Adam Henrique.
18:44 of 2nd period - Stopped by Braden Holtby with a rebound.
18:46 of 2nd period - Slapshot by Ole-Kristian Tollefsen.
18:46 of 2nd period - Shot Misses the Net.
19:12 of 2nd period - Phil Kessel is hit by Gustav Nyquist and loses puck.
19:35 of 2nd period - Philip Samuelsson is hit by Jakob Silfverberg and loses puck.
Goals for this period are 2 for Red Wings vs 1 for Rangers.
Shots for this period are 14 for Red Wings vs 8 for Rangers.
3rd period
0:01 of 3rd period - Patrice Bergeron wins face-off versus Mike Richards in neutral zone.
0:06 of 3rd period - Snap shot by Cam Barker.
0:06 of 3rd period - Stopped by John Gibson without a rebound.
0:07 of 3rd period - Patrice Bergeron wins face-off versus Sean Bergenheim in Red Wings zone.
0:22 of 3rd period - Wrist shot by Milan Lucic.
0:22 of 3rd period - Stopped by John Gibson without a rebound.
0:23 of 3rd period - Tyler Seguin wins face-off versus Sean Couturier in Red Wings zone.
0:23 of 3rd period - Tyler Seguin is hit by Jakob Silfverberg.
0:26 of 3rd period - Minor Penalty to Phil Kessel for Slashing.
0:27 of 3rd period - Oleg Saprykin wins face-off versus Milan Lucic in Red Wings zone.
0:39 of 3rd period - Snap shot by Milan Lucic.
0:39 of 3rd period - Stopped by John Gibson without a rebound.
0:40 of 3rd period - Oleg Saprykin wins face-off versus Patrice Bergeron in Red Wings zone.
0:40 of 3rd period - Oleg Saprykin is hit by Cam Barker.
1:16 of 3rd period - Snap shot by Sean Couturier.
1:16 of 3rd period - Goal by Sean Couturier - Red Wings : 4 - Rangers : 3.
1:17 of 3rd period - Patrice Bergeron wins face-off versus Sean Bergenheim in neutral zone.
1:19 of 3rd period - Cam Barker is hit by Tyler Toffoli and loses puck.
1:30 of 3rd period - Wrist shot by Sean Bergenheim.
1:30 of 3rd period - Stopped by Braden Holtby with a rebound.
1:32 of 3rd period - Wrist shot by Mike Richards.
1:32 of 3rd period - Shot Blocked by Cam Barker.
2:17 of 3rd period - Snap shot by Nate Thompson.
2:17 of 3rd period - Stopped by Braden Holtby without a rebound.
2:18 of 3rd period - Mike Richards wins face-off versus Patrice Bergeron in Rangers zone.
2:27 of 3rd period - Wrist shot by Mike Richards.
2:27 of 3rd period - Shot Blocked by Milan Lucic.
2:29 of 3rd period - Backhand shot by Tyler Toffoli.
2:29 of 3rd period - Stopped by Braden Holtby with a rebound.
2:31 of 3rd period - Slapshot by Mike Richards.
2:31 of 3rd period - Stopped by Braden Holtby without a rebound.
2:32 of 3rd period - Mike Richards wins face-off versus Patrice Bergeron in Rangers zone.
2:57 of 3rd period - Mark Fistric is hit by Tyler Seguin and loses puck.
3:36 of 3rd period - Slapshot by Ryan Suter.
3:36 of 3rd period - Stopped by John Gibson without a rebound.
3:37 of 3rd period - Chris Kelly wins face-off versus Patrice Bergeron in Red Wings zone.
3:46 of 3rd period - Wrist shot by Alex Picard.
3:46 of 3rd period - Shot Misses the Net.
3:48 of 3rd period - Wrist shot by Carson Mcmillan.
3:48 of 3rd period - Stopped by Braden Holtby with a rebound.
3:50 of 3rd period - Slapshot by Ryan O'Byrne.
3:50 of 3rd period - Stopped by Braden Holtby with a rebound.
4:23 of 3rd period - Backhand shot by Adam Henrique.
4:23 of 3rd period - Deflect By Phil Kessel.
4:23 of 3rd period - Stopped by Braden Holtby with a rebound.
4:25 of 3rd period - Slapshot by Lubomir Visnovsky.
4:25 of 3rd period - Stopped by Braden Holtby without a rebound.
4:26 of 3rd period - Tyler Seguin wins face-off versus Stephen Weiss in Rangers zone.
4:40 of 3rd period - Snap shot by Phil Kessel.
4:40 of 3rd period - Shot Misses the Net.
4:42 of 3rd period - Slapshot by Brent Seabrook.
4:42 of 3rd period - Shot Blocked by Colten Teubert.
4:54 of 3rd period - Slapshot by Phil Kessel.
4:54 of 3rd period - Stopped by Braden Holtby without a rebound.
4:55 of 3rd period - Mike Richards wins face-off versus Patrice Bergeron in Rangers zone.
5:29 of 3rd period - Snap shot by Chris Kelly.
5:29 of 3rd period - Stopped by Braden Holtby with a rebound.
5:50 of 3rd period - Slapshot by Cam Barker.
5:50 of 3rd period - Deflect By Adam Henrique.
5:50 of 3rd period - Stopped by John Gibson without a rebound.
5:51 of 3rd period - Patrice Bergeron wins face-off versus Mike Richards in Red Wings zone.
6:18 of 3rd period - Gustav Nyquist is hit by Chris Kelly and loses puck.
7:51 of 3rd period - Philip Samuelsson is hit by Jakob Silfverberg and loses puck.
8:08 of 3rd period - Snap shot by Phil Kessel.
8:08 of 3rd period - Shot Misses the Net.
8:14 of 3rd period - Philip Samuelsson is hit by Stephen Weiss and loses puck.
8:32 of 3rd period - Tyler Toffoli is hit by Magnus Paajarvi-Svensson and loses puck.
8:51 of 3rd period - Ales Hemsky is hit by Colten Teubert and loses puck.
9:30 of 3rd period - Jiri Fischer is hit by Alex Tanguay and loses puck.
9:37 of 3rd period - Wrist shot by Alex Tanguay.
9:37 of 3rd period - Deflect By Matt Read.
9:37 of 3rd period - Stopped by John Gibson with a rebound.
9:39 of 3rd period - Snap shot by Matt Read.
9:39 of 3rd period - Deflect By Stephen Weiss.
9:39 of 3rd period - Shot Misses the Net.
9:39 of 3rd period - Puck is out of play.
9:40 of 3rd period - Patrice Bergeron wins face-off versus Tyler Seguin in Red Wings zone.
9:41 of 3rd period - Wrist shot by Milan Lucic.
9:41 of 3rd period - Shot Blocked by Adam Henrique.
9:53 of 3rd period - Snap shot by Tyler Seguin.
9:53 of 3rd period - Stopped by Braden Holtby with a rebound.
9:55 of 3rd period - Snap shot by Tyler Seguin.
9:55 of 3rd period - Shot Misses the Net.
10:29 of 3rd period - Jiri Fischer is hit by Artem Anisimov and loses puck.
10:52 of 3rd period - Backhand shot by Alex Tanguay.
10:52 of 3rd period - Shot Blocked by Ales Hemsky.
11:02 of 3rd period - Alex Tanguay is hit by Lubomir Visnovsky and loses puck.
11:20 of 3rd period - Brent Seabrook is hit by Cam Barker and loses puck.
11:35 of 3rd period - Patrice Bergeron is hit by Mike Richards and loses puck.
11:48 of 3rd period - Snap shot by Mike Richards.
11:48 of 3rd period - Deflect By Tyler Toffoli.
11:48 of 3rd period - Stopped by Braden Holtby without a rebound.
11:49 of 3rd period - Tyler Seguin wins face-off versus Stephen Weiss in Rangers zone.
12:03 of 3rd period - Tyler Seguin is hit by Alex Tanguay.
12:25 of 3rd period - Minor Penalty to Ole-Kristian Tollefsen for High sticking.
12:26 of 3rd period - Patrice Bergeron wins face-off versus Oleg Saprykin in Red Wings zone.
12:27 of 3rd period - Wrist shot by Jakob Silfverberg.
12:27 of 3rd period - Deflect By Jiri Fischer.
12:27 of 3rd period - Stopped by John Gibson with a rebound.
12:29 of 3rd period - Snap shot by Patrice Bergeron.
12:29 of 3rd period - Goal by Patrice Bergeron - Red Wings : 4 - Rangers : 4.
12:30 of 3rd period - Patrice Bergeron wins face-off versus Mike Richards in neutral zone.
12:59 of 3rd period - Wrist shot by Stephen Weiss.
12:59 of 3rd period - Shot Misses the Net.
13:10 of 3rd period - Off-side.
13:11 of 3rd period - Tyler Seguin wins face-off versus Patrice Bergeron in neutral zone.
13:22 of 3rd period - Wrist shot by Phil Kessel.
13:22 of 3rd period - Shot Misses the Net.
13:24 of 3rd period - Wrist shot by Tyler Seguin.
13:24 of 3rd period - Stopped by Braden Holtby without a rebound.
13:25 of 3rd period - Patrice Bergeron wins face-off versus Tyler Seguin in Rangers zone.
13:41 of 3rd period - Penalty Shot by James Neal for Rangers.
13:41 of 3rd period - Snap shot by James Neal.
13:41 of 3rd period - Shot Misses the Net.
13:42 of 3rd period - Sean Couturier wins face-off versus Mike Richards in Rangers zone.
14:14 of 3rd period - Snap shot by Milan Lucic.
14:14 of 3rd period - Stopped by John Gibson with a rebound.
14:16 of 3rd period - Snap shot by James Neal.
14:16 of 3rd period - Shot Misses the Net.
14:54 of 3rd period - Lubomir Visnovsky is hit by Matt Read and loses puck.
15:39 of 3rd period - Snap shot by Adam Henrique.
15:39 of 3rd period - Stopped by Braden Holtby with a rebound.
16:16 of 3rd period - Philip Samuelsson is hit by Colten Teubert and loses puck.
16:23 of 3rd period - Wrist shot by Stephen Weiss.
16:23 of 3rd period - Shot Blocked by Philip Samuelsson.
16:25 of 3rd period - Snap shot by Ryan Suter.
16:25 of 3rd period - Deflect By Alex Tanguay.
16:25 of 3rd period - Shot Misses the Net.
16:25 of 3rd period - Puck is out of play.
16:26 of 3rd period - Mike Richards wins face-off versus Patrice Bergeron in Red Wings zone.
17:23 of 3rd period - Snap shot by Adam Henrique.
17:23 of 3rd period - Stopped by Braden Holtby with a rebound.
17:33 of 3rd period - Wrist shot by Jakob Silfverberg.
17:33 of 3rd period - Stopped by John Gibson with a rebound.
17:39 of 3rd period - Cam Barker is hit by Tyler Toffoli and loses puck.
18:01 of 3rd period - Oleg Saprykin is hit by Milan Lucic and loses puck.
18:16 of 3rd period - Carson Mcmillan is hit by Matt Greene and loses puck.
18:35 of 3rd period - Slapshot by Mark Fistric.
18:35 of 3rd period - Stopped by John Gibson with a rebound.
18:37 of 3rd period - Snap shot by Matt Greene.
18:37 of 3rd period - Deflect By Alex Tanguay.
18:37 of 3rd period - Shot Misses the Net.
18:37 of 3rd period - Puck is out of play.
18:38 of 3rd period - Mike Richards wins face-off versus Stephen Weiss in Red Wings zone.
18:51 of 3rd period - Mike Richards is hit by Matt Read and loses puck.
19:06 of 3rd period - Snap shot by Tyler Toffoli.
19:06 of 3rd period - Stopped by Braden Holtby without a rebound.
19:07 of 3rd period - Chris Kelly wins face-off versus Artem Anisimov in Rangers zone.
19:18 of 3rd period - Wrist shot by Alex Picard.
19:18 of 3rd period - Shot Misses the Net.
19:20 of 3rd period - Wrist shot by Chris Kelly.
19:20 of 3rd period - Shot Blocked by Artem Anisimov.
Goals for this period are 0 for Red Wings vs 2 for Rangers.
Shots for this period are 16 for Red Wings vs 12 for Rangers.
Overtime #1
0:01 of 1st overtime period - Stephen Weiss wins face-off versus Adam Henrique in neutral zone.
0:04 of 1st overtime period - Jiri Fischer is hit by Alex Tanguay and loses puck.
0:52 of 1st overtime period - Slapshot by Brent Seabrook.
0:52 of 1st overtime period - Stopped by Braden Holtby with a rebound.
0:54 of 1st overtime period - Wrist shot by Phil Kessel.
0:54 of 1st overtime period - Shot Blocked by Ryan Suter.
0:56 of 1st overtime period - Snap shot by Jiri Fischer.
0:56 of 1st overtime period - Shot Misses the Net.
0:58 of 1st overtime period - Backhand shot by Tyler Seguin.
0:58 of 1st overtime period - Shot Misses the Net.
1:24 of 1st overtime period - Mark Fistric is hit by Jiri Fischer.
3:13 of 1st overtime period - Snap shot by Milan Lucic.
3:13 of 1st overtime period - Shot Blocked by Alex Picard.
3:19 of 1st overtime period - Chris Bourque is hit by Chris Kelly and loses puck.
3:38 of 1st overtime period - Wrist shot by Tyler Seguin.
3:38 of 1st overtime period - Deflect By Chris Bourque.
3:38 of 1st overtime period - Shot Misses the Net.
3:38 of 1st overtime period - Puck is out of play.
3:39 of 1st overtime period - Oleg Saprykin wins face-off versus Jakob Silfverberg in Rangers zone.
3:40 of 1st overtime period - Wrist shot by Tyler Seguin.
3:40 of 1st overtime period - Shot Misses the Net.
3:42 of 1st overtime period - Snap shot by Jiri Fischer.
3:42 of 1st overtime period - Shot Misses the Net.
3:44 of 1st overtime period - Wrist shot by Jiri Fischer.
3:44 of 1st overtime period - Shot Misses the Net.
4:47 of 1st overtime period - Slapshot by Patrice Bergeron.
4:47 of 1st overtime period - Stopped by John Gibson without a rebound.
4:48 of 1st overtime period - Mike Richards wins face-off versus Milan Lucic in Red Wings zone.
4:48 of 1st overtime period - Mike Richards is hit by Patrice Bergeron.
Goals for this period are 0 for Red Wings vs 0 for Rangers.
Shots for this period are 1 for Red Wings vs 1 for Rangers.
ShootOut
5:00 of 1st overtime period - Round #1.
5:00 of 1st overtime period - Red Wings, Phil Kessel.
5:00 of 1st overtime period - Snap shot by Phil Kessel.
5:00 of 1st overtime period - Goal by Phil Kessel.
5:00 of 1st overtime period - Rangers, Patrice Bergeron.
5:00 of 1st overtime period - Deke by Patrice Bergeron.
5:00 of 1st overtime period - Stopped by John Gibson.
5:00 of 1st overtime period - Round #2.
5:00 of 1st overtime period - Red Wings, Mike Richards.
5:00 of 1st overtime period - Snap shot by Mike Richards.
5:00 of 1st overtime period - Stopped by Braden Holtby.
5:00 of 1st overtime period - Rangers, Milan Lucic.
5:00 of 1st overtime period - Snap shot by Milan Lucic.
5:00 of 1st overtime period - Stopped by John Gibson.
5:00 of 1st overtime period - Round #3.
5:00 of 1st overtime period - Red Wings, Tyler Seguin.
5:00 of 1st overtime period - Deke by Tyler Seguin.
5:00 of 1st overtime period - Stopped by Braden Holtby.
5:00 of 1st overtime period - Rangers, Jakob Silfverberg.
5:00 of 1st overtime period - Snap shot by Jakob Silfverberg.
5:00 of 1st overtime period - Stopped by John Gibson.
Back to the Top